 Dungeon Crawl Stone Soup version 0.22.1-1-ga44c0e56f4 (webtiles) character file.

147 Riddle the Skirmisher (level 5, -3/42 HPs)
             Began as a Formicid Monk on Sept 21, 2018.
             Slain by a water moccasin skeleton (5 damage)
             ... on level 6 of the Dungeon.
             The game lasted 00:05:17 (2643 turns).

Riddle the Skirmisher (Formicid Monk)               Turns: 2643, Time: 00:05:17

Health: -3/42      AC:  5    Str: 17    XL:     5   Next: 55%
Magic:  5/5        EV: 12    Int:  9    God:
Gold:   84         SH:  0    Dex: 13    Spells: 4/4 levels left

rFire    + . .     SeeInvis +     - Unarmed
rCold    + . .     Gourm    .   (no shield)
rNeg     . . .     Faith    .   h - +0 ring mail
rPois    .         Spirit   .   (helmet unavailable)
rElec    .         Reflect  .   i - scarf {rC+ rF+}
rCorr    .         Harm     .   (no gloves)
MR       .....                  (no boots)
Stlth    ++........             (no amulet)
HPRegen  0.14/turn              (no ring)
MPRegen  0.09/turn              (no ring)

@: no status effects
A: permanent stasis, dig shafts and tunnels, four strong arms, antennae 3
a: Dig, Shaft Self


You were on level 6 of the Dungeon.
You were hungry.

You visited 1 branch of the dungeon, and saw 4 of its levels.

You collected 84 gold pieces.

Inventory:

Armour
 h - a +0 ring mail (worn)
 i - a scarf of resistance (worn)
Jewellery
 g - an uncursed ring of fire
Scrolls
 a - 2 scrolls of teleportation {unknown}
 c - a scroll of magic mapping {unknown}
 d - a scroll of fear {unknown}
 k - a scroll of enchant armour {unknown}
Potions
 e - a potion of haste
Comestibles
 b - 4 rations


   Skills:
 * Level 4.2 Fighting
 * Level 2.4 Armour
 * Level 3.3 Dodging
 + Level 3.1 Stealth
 * Level 3.7 Unarmed Combat


You had 4 spell levels left.
You didn't know any spells.
Your spell library was empty.

Dungeon Overview and Level Annotations

Branches:
Dungeon (3/15)

Altars:
Kikubaaqudgha
Trog


Innate Abilities, Weirdness & Mutations

You cannot be hasted, slowed, berserked, paralysed or teleported.
You can dig through walls and to a lower floor.
Your four strong arms can wield two-handed weapons with a shield.
You have a pair of large antennae on your head. (SInv)


Message History

Found 11 gold pieces.
The water moccasin skeleton bites you.
* * * LOW HITPOINT WARNING * * *
You hit the water moccasin skeleton.
The water moccasin skeleton is lightly damaged.
The water moccasin skeleton barely misses you.
You hit the water moccasin skeleton.
The water moccasin skeleton is lightly damaged.
The water moccasin skeleton barely misses you.
You hit the water moccasin skeleton.
The water moccasin skeleton is lightly damaged.
The water moccasin skeleton bites you.
* * * LOW HITPOINT WARNING * * *
Are you sure you want to shaft yourself?
A water moccasin skeleton is nearby!
Are you sure you want to shaft yourself?
You are feeling hungry.
The water moccasin skeleton bites you but does no damage.
The water moccasin skeleton bites you.
You die...

..#######
#........ {
#)....... {
#......$.
#........
#........
#.##+##+###
#.........#
#.@.......#
#Z........+
#.........#
+..!......#
##........#
###+######


You could see a water moccasin skeleton.

Vanquished Creatures
  Terence (D:2)
  2 adders (D:3)
  4 gnolls
  An ooze (D:1)
  A worm (D:2)
  2 dart slugs (D:1)
  3 leopard geckos
  2 orcs (D:3)
  3 bats
  A giant cockroach (D:2)
  6 goblins
  2 hobgoblins
  6 jackals
  2 quokkas (D:2)
  A ball python (D:1)
  2 frilled lizards
  4 kobolds
  7 rats
50 creatures vanquished.

Notes
Turn   | Place    | Note
-------+----------+-------------------------------------------
     0 | D:1      | Riddle the Formicid Monk began the quest for the Orb.
     0 | D:1      | Reached XP level 1. HP: 18/18 MP: 1/1
   153 | D:1      | Reached XP level 2. HP: 6/24 MP: 2/2
   542 | D:1      | Reached skill level 1 in Armour
   599 | D:1      | Reached XP level 3. HP: 17/29 MP: 3/3
   997 | D:1      | You fall through a shaft!
  1106 | D:2      | Found an ancient bone altar of Kikubaaqudgha.
  1112 | D:2      | Noticed Terence
  1318 | D:2      | Killed Terence
  1318 | D:2      | Reached XP level 4. HP: 32/37 MP: 4/4
  1698 | D:2      | Reached XP level 5. HP: 42/42 MP: 5/5
  1710 | D:2      | Reached skill level 4 in Fighting
  2585 | D:3      | Found a bloodstained altar of Trog.
  2602 | D:3      | You fall through a shaft for 3 floors!
  2642 | D:6      | HP: 2/42 [water moccasin skeleton (6)]
  2643 | D:6      | Slain by a water moccasin skeleton

Skill      XL: |  1  2  3  4  5 |
---------------+----------------+-----
Armour         | 1 2 |  2.4
Dodging        | 3 |  3.3
Stealth        | 3 |  3.1
Fighting       | 4 |  4.2
Unarmed Combat | |  3.7

Action                   |  1- 3 |  4- 6 || total
-------------------------+-------+-------++-------
Melee: Unarmed           |   113 |   118 ||   231
       Punch             |     1 |     1 ||     2
 Abil: Shaft Self        |       |     2 ||     2
  Use: Potion            |       |     4 ||     4
 Stab: Sleeping          |     2 |       ||     2
  Eat: Chunk             |     1 |     5 ||     6
Armor: Ring mail         |    56 |    26 ||    82
       Robe              |     1 |       ||     1
Dodge: Dodged            |   116 |    85 ||   201
